 Dungeon Crawl Stone Soup version 0.18-a0-1542-g9c1a92e (webtiles) character file.

405247 MrRokkomies the Shatterer (level 23, -4/254 HPs)
             Began as an Ogre Hunter on Mar 2, 2016.
             Was the Champion of Dithmenos.
             Slain by a caustic shrike (21 damage)
             ... on level 2 of the Depths on Mar 10, 2016.
             The game lasted 06:02:40 (67013 turns).

MrRokkomies the Shatterer (Ogre Hunter)            Turns: 67013, Time: 06:02:41

Health: -4/254     AC: 15    Str: 23    XL:     23   Next: 39%
Magic:  29/31      EV: 20    Int: 17    God:    Dithmenos [******]
Gold:   1044       SH:  0    Dex: 12    Spells: 11 memorised, 4 levels left

rFire  . . .     SeeInvis .     a - +5 giant spiked club (freeze)
rCold  . . .     Gourm    .     J - +0 swamp dragon armour
rNeg   . . .     Faith    .     (shield currently unavailable)
rPois  +         Spirit   .     D - +1 hat {MR+}
rElec  .         Dismiss  .     H - +2 cloak {+Inv}
rCorr  .         Reflect  .     (gloves unavailable)
SustAt .         Harm     .     (boots unavailable)
MR     +++..                    p - amulet of rage
Stlth  +.........               T - +5 ring of evasion
                                S - +4 ring of slaying

@: about to teleport, wreathed by umbra, repel missiles, extremely resistant to
hostile enchantments, very unstealthy
A: unfitting armour, clever 1, tough skin 1, wild magic 1
a: Shadow Step, Shadow Form, Renounce Religion, Evoke Berserk Rage, Evoke
Invisibility
}: 2/15 runes: decaying, gossamer


You were on level 2 of the Depths.
You worshipped Dithmenos.
Dithmenos was exalted by your worship.
You were near starving.

You visited 9 branches of the dungeon, and saw 43 of its levels.
You also visited: Sewer, Volcano and Wizlab.

You collected 4848 gold pieces.
You spent 3804 gold pieces at shops.

Inventory:

Hand Weapons
 a - a +5 giant spiked club of freezing (weapon)
 b - the +6 blowgun of Undoing {evade, MP+9 Str+4 Int-3 Dex+7}
   (You bought it in a shop on level 2 of the Orcish Mines)

   It affects your evasion (+5 to EV).
   It affects your strength (+4).
   It affects your intelligence (-3).
   It affects your dexterity (+7).
   It affects your magic capacity (+9).
 z - the +5 demon whip "Spellbinder" {antimagic, MR+}
   (You bought it in a shop on level 2 of the Orcish Mines)

   It disrupts the flow of magical energy around spellcasters and certain
   magical creatures (including the wielder).
   It affects your resistance to hostile enchantments.
Missiles
 d - 39 large rocks (quivered)
 l - 139 poisoned needles
 w - 2 throwing nets
Armour
 D - a +1 hat of magic resistance (worn)
 H - a +2 cloak of invisibility (worn)
 J - a +0 swamp dragon armour (worn)
Jewellery
 e - the ring "Innonag" {rN+ Stlth+}
   (You took it off a deep elf blademaster on level 3 of the Elven Halls)

   [ring of stealth]

   It protects you from negative energy.
   It makes you more stealthy.
 k - an uncursed ring of protection from cold
 p - an amulet of rage (around neck)
 s - the ring "Ygraz" {+Blink rElec Str-3}
   (You bought it in a shop on level 2 of the Orcish Mines)

   [ring of strength]

   It affects your strength (-3).
   It insulates you from electricity.
   It lets you blink.
 L - a +4 ring of protection
 Q - the ring "Omeg Wien" {rF+ MR+ EV+3}
   (You found it on level 4 of the Lair of Beasts)

   [ring of evasion]

   It affects your evasion (+3).
   It protects you from fire.
   It affects your resistance to hostile enchantments.
 S - a +4 ring of slaying (left hand)
 T - a +5 ring of evasion (right hand)
 V - an uncursed ring of flight
Wands
 m - a wand of disintegration (12/24)
 r - a wand of confusion (27/48)
 t - a wand of teleportation (5/9)
 A - a wand of enslavement (9/24)
 F - a wand of polymorph (1/24)
 I - a wand of lightning (6/15)
 M - a wand of lightning (14/15)
Scrolls
 i - 3 scrolls of fear
 q - 3 scrolls of fog
 v - 15 scrolls of remove curse
 x - 7 scrolls of magic mapping
 N - 6 scrolls of identify
 P - a scroll of recharging
Potions
 c - 2 potions of brilliance
 g - 2 potions of resistance
 u - a potion of cancellation
 B - 4 potions of flight
 C - 3 potions of magic
 E - a potion of agility
 K - 2 potions of ambrosia
 W - 5 potions of lignification
 X - 5 potions of curing
Miscellaneous
 O - a phial of floods
 R - a fan of gales
 U - a phantom mirror
Comestibles
 f - 9 bread rations
 h - 15 beef jerkies
 j - 18 meat rations
 n - 4 royal jellies
 o - 35 fruits


   Skills:
 - Level 20.0 Fighting
 - Level 24.0 Maces & Flails
 - Level 10.8 Throwing
 - Level 10.0 Armour
 - Level 14.3 Dodging
 - Level 0.7 Stealth
 - Level 5.6 Spellcasting
 * Level 5.1 Hexes
 - Level 8.6 Charms
 * Level 8.6 Summonings
 - Level 4.1 Necromancy
 - Level 5.0 Translocations
 - Level 2.1 Air Magic
 - Level 10.9 Invocations
 - Level 10.0 Evocations


You had 4 spell levels left.
You knew the following spells:

 Your Spells              Type           Power        Failure   Level  Hunger
a - Blink                 Tloc           N/A          9%          2    #......
b - Repel Missiles        Chrm/Air       ####..       9%          2    #......
c - Summon Butterflies    Summ           ######..     3%          1    None
d - Shroud of Golubria    Chrm/Tloc      #####.....   5%          2    #......
e - Song of Slaying       Chrm           ######..     3%          2    #......
f - Spectral Weapon       Hex/Chrm       #####...     11%         3    ##.....
g - Aura of Abjuration    Summ           ######....   30%         5    ######.
h - Regeneration          Chrm/Necr      #####.....   13%         3    ##.....
i - Apportation           Tloc           ####......   7%          1    None
j - Portal Projectile     Tloc           ####..       19%         3    ##.....
k - Summon Mana Viper     Hex/Summ       #####...     50%         5    ######.


Dungeon Overview and Level Annotations

Branches:
Dungeon (15/15)            Temple (1/1) D:4            Lair (8/8) D:10
  Swamp (4/4) Lair:5       Spider (4/4) Lair:5        Slime (0/6) Lair:8
    Orc (2/2) D:10            Elf (3/3) Orc:2        Vaults (4/5) D:13
  Crypt (0/3) Vaults:3     Depths (2/5) D:15

Altars:
Ashenzari
Cheibriados
Dithmenos
Elyvilon
Fedhas
Gozag
Kikubaaqudgha
Makhleb
Nemelex Xobeh
Okawaru
Pakellas
Ru
Sif Muna
Trog
Vehumet
Xom
Zin
The Shining One
Beogh

Shops:
D:12 =   Orc:2 :[(=   Elf:1 *   Vaults:4 :

Portals:
Hell: Lair:8 Depths:1
Pandemonium: Depths:1
Trove: Depths:1 (give 7 scrolls of blinking)

Annotations:
D:5 Shredu92's ghost, novice MfTm
Lair:8 exclusion: 3 oklob plants


Innate Abilities, Weirdness & Mutations

You are too large for most types of armour.
You have tough skin (AC +1).
Your mind is acute. (Int +2)
Your spells are a little harder to cast, but a little more powerful.


Message History

You swap places.
The iron dragon bites your spectral weapon!
Your spectral weapon shares its damage with you!
* * * LOW HITPOINT WARNING * * *
The iron dragon claws your spectral weapon!!
Your spectral weapon shares its damage with you!
Your spectral weapon fades away.
* * * LOW HITPOINT WARNING * * *
The iron dragon breathes metal splinters at you.
The spray of metal splinters misses you.
The iron dragon breathes metal splinters at you.
The spray of metal splinters misses you.
Read which item? (? for menu, Esc to quit)
As you read the scroll of teleportation, it crumbles to dust.
You feel strangely unstable. The caustic shrike claws you!!
* * * LOW HITPOINT WARNING * * *
You are splashed with acid!
The acid burns!
* * * LOW HITPOINT WARNING * * *
The caustic shrike claws you!!
You die...

#.#####.# #.......#
###### ####.#####.#
##.#.#.# #....# #.#
#$#.#.#§# #.#### #.#
#.#$#.#§### #.# #.#
#D#.#.#§§### ##.######
#.#
#.#§#§#D§§####.......#
#.#
#.#D##§§§b@.........#
.#
#b#§###.####.#####.#
#O#.## #.# #.# # #D#
#.# #.# #.# #.# ## #.#
#.# #.# #+# #.# #$#
#.# #.# +.. .# #..


You could see a caustic shrike.

Vanquished Creatures
  Sojobo (Vaults:2)
  Saint Roka (Orc:2)
  A caustic shrike (Depths:2)
  Nikola (Swamp:4)
  Jorgrun (Vaults:1)
  3 deep elf blademasters
  Asterion (Vaults:1)
  A sphinx (Vaults:2)
  2 deep elf master archers (Elf:3)
  2 thorn hunters
  4 tengu reavers
  Roxanne (Elf:2)
  A fire giant (Vaults:2)
  Wiglaf (Elf:2)
  10 vault wardens
  Donald (Elf:1)
  Louise (Elf:1)
  2 orc warlords
  7 deep elf sorcerers
  9 emperor scorpions
  3 deep elf elementalists (Elf:3)
  2 ghost moths
  4 very ugly things
  Aizul (Elf:2)
  2 ghouls
  12 ironheart preservers
  10 stone giants
  A salamander stormcaller (Vaults:2)
  10 deep elf annihilators
  5 deep elf demonologists (Elf:3)
  A dire elephant (Lair:8)
  Azrael (Elf:1)
  7 ettins
  An eidolon (Vaults:3)
  4 spark wasps
  2 crystal guardians (Vaults:3)
  Josephine (D:12)
  5 vault guards
  2 deep elf death magi
  2 deep elf high priests
  6 fire dragons
  2 jiangshi (Depths:1)
  4 great orbs of eyes
  6 yaktaur captains
  2 ice dragons
  2 rakshasas
  35 hydras
  10 entropy weavers
  10 ogre magi
  A ghost crab (Swamp:4)
  A catoblepas (Lair:8)
  2 death knights
  26 dancing weapons
  7 alligators
  3 deep troll shamans
  An alligator (shapeshifter) (Depths:1)
  A vampire mage (Depths:1)
  4 tengu warriors
  6 centaur warriors
  Urug (Lair:4)
  4 deep troll earth magi
  5 death yaks (Lair:6)
  A spriggan berserker (Depths:1)
  2 orc high priests (Orc:2)
  A shock serpent (D:14)
  6 soul eaters (Depths:1)
  A fire crab (Vaults:3)
  28 deep elf knights
  2 sun demons
  2 iron trolls (Depths:1)
  3 skeletal warriors
  2 shadow wraiths
  5 unseen horrors
  5 shambling mangroves
  A flayed ghost (Vaults:3)
  A shadow demon (Depths:1)
  10 swamp dragons
  24 deep trolls
  3 wizards
  4 hill giants
  5 spriggan druids (Swamp:4)
  2 necromancers
  A harpy (shapeshifter) (Vaults:1)
  An obsidian statue (Depths:1)
  13 ironbrand convokers
  9 orc knights
  16 deep elf archers
  16 orb spiders
  4 harpies (Vaults:4)
  A wolf spider zombie (D:15)
  6 griffons
  3 hornets
  75 deep elf magi
  3 manticores
  31 wolf spiders
  31 ugly things
  3 cyclopes
  5 orc sorcerers
  An oklob plant (Lair:8)
  A salamander (shapeshifter) (D:14)
  An octopode (shapeshifter) (Vaults:4)
  Maurice (D:13)
  2 moths of wrath
  3 elephants (Lair:3)
  4 black mambas
  14 vault sentinels
  2 torpor snails
  14 orange demons
  A guardian serpent (shapeshifter) (D:14)
  A smoke demon (Lair:8)
  2 molten gargoyles (Volcano)
  17 spiny frogs
  A spiny frog (shapeshifter) (Vaults:3)
  2 gargoyles
  A rime drake (shapeshifter) (Vaults:1)
  14 komodo dragons
  A redback zombie (D:14)
  A yaktaur (shapeshifter) (Vaults:4)
  39 yaktaurs
  5 rime drakes
  3 freezing wraiths
  2 kobold demonologists (D:14)
  A hellwing (Lair:8)
  4 red devils
  17 demonic crawlers
  16 trolls
  7 giant leeches
  2 ice devils
  A troll (shapeshifter) (D:15)
  31 jumping spiders
  A harpy skeleton (D:12)
  2 polar bears (Lair:7)
  15 two-headed ogres
  A jumping spider (shapeshifter) (Elf:3)
  A hornet zombie (D:15)
  12 bog bodies
  42 slime creatures
  35 blink frogs
  10 boulder beetles
  95 redbacks
  Sigmund (D:4)
  4 spriggans (Swamp:4)
  5 wraiths
  A centaur simulacrum (D:15)
  41 tarantellas
  A vampire (D:13)
  9 fire elementals
  9 shadows
  48 yaks
  A spriggan (shapeshifter) (Vaults:3)
  6 wyverns
  2 fire bats (Volcano)
  15 humans
  A steam dragon (D:8)
  A yaktaur simulacrum (Vaults:1)
  5 water elementals
  34 vampire mosquitoes
  5 basilisks
  11 hippogriffs
  3 hungry ghosts
  A mottled dragon (Vaults:2)
  2 soldier ants
  11 insubstantial wisps
  6 wargs
  15 swamp worms
  8 wolves
  5 large abominations (D:12)
  Duvessa (D:4)
  20 water moccasins
  51 orc warriors
  10 porcupines
  15 swamp drakes
  Purgy (Sewer)
  6 sky beasts
  6 hell hounds
  4 ice beasts
  17 wasps
  A black bear (shapeshifter) (D:14)
  3 necrophages
  2 phantoms
  10 centaurs
  39 ogres
  16 crocodiles
  4 big kobolds
  Blork the orc (D:4)
  23 giant frogs
  3 earth elementals (Elf:1)
  Dowan (D:4)
  7 small abominations (D:12)
  2 scorpions
  7 wights
  An orc simulacrum (Vaults:1)
  4 jellies
  11 killer bees
  7 electric eels
  10 howler monkeys
  A lava snake (Volcano)
  13 crimson imps
  2 quasits
  4 centaur zombies
  2 giant frog zombies
  26 orc priests
  10 hounds
  A giant frog skeleton (D:4)
  6 centaur skeletons
  4 iron imps (Depths:1)
  39 orc wizards
  6 iguanas
  16 worker ants
  11 hell rats
  30 sheep
  2 worker ant zombies
  2 howler monkey skeletons
  18 adders
  40 river rats
  5 shadow imps
  A white imp (Depths:1)
  An ooze (D:1)
  2 adder zombies
  3 worms
  3 dart slugs
  7 giant geckos
  146 orcs
  4 ball pythons
  7 giant cockroaches
  11 goblins
  5 hobgoblins
  16 jackals
  4 quokkas
  A ball python skeleton (D:4)
  10 bats
  4 giant newts
  18 kobolds
  A quokka skeleton (D:4)
  A quokka zombie (D:8)
  10 rats
  3 plants
  A spectral weapon (Vaults:1)
2049 creatures vanquished.

Vanquished Creatures (collateral kills)
  Arachne (Spider:4)
  Rupert (D:13)
  A swamp dragon (Swamp:4)
  2 shambling mangroves (Swamp:4)
  A hornet (Spider:4)
  A boulder beetle (Spider:4)
  2 giant leeches (Spider:4)
  A redback (Spider:4)
  2 tarantellas (Spider:4)
  2 swamp drakes (Swamp:4)
14 creatures vanquished.

Vanquished Creatures (others)
  A tengu reaver (Vaults:2)
  A hydra (Swamp:4)
  A dancing weapon (Elf:2)
  A deep elf mage (Elf:2)
  A yaktaur (Vaults:1)
  A redback (Spider:2)
  A swamp worm (Swamp:4)
  A swamp drake (Swamp:4)
  A giant frog (D:14)
  10 fungi
  8 plants
  21 spectral weapons
  A withered plant (Swamp:3)
49 creatures vanquished.

Grand Total: 2112 creatures vanquished

Notes
Turn   | Place    | Note
--------------------------------------------------------------
     0 | D:1      | MrRokkomies the Ogre Hunter began the quest for the Orb.
     0 | D:1      | Reached XP level 1. HP: 22/22 MP: 1/1
   232 | D:1      | Reached XP level 2. HP: 8/32 MP: 2/2
   658 | D:1      | Reached XP level 3. HP: 35/40 MP: 3/3
  1018 | D:2      | Found a shattered altar of Ashenzari.
  1065 | D:2      | Found an iron altar of Okawaru.
  1086 | D:2      | Reached skill level 5 in Fighting
  1481 | D:2      | Found an opulent altar of Gozag.
  1645 | D:2      | Reached XP level 4. HP: 21/50 MP: 1/4
  2550 | D:3      | Reached XP level 5. HP: 52/61 MP: 3/5
  2868 | D:3      | Reached skill level 1 in Maces & Flails
  2900 | D:3      | Reached skill level 2 in Maces & Flails
  3511 | D:4      | Reached skill level 3 in Maces & Flails
  3522 | D:4      | Noticed Dowan
  3597 | D:4      | Noticed Sigmund
  3661 | D:4      | Noticed Blork the orc
  3679 | D:4      | Killed Blork the orc
  3679 | D:4      | Reached skill level 4 in Maces & Flails
  3679 | D:4      | Reached XP level 6. HP: 54/68 MP: 3/6
  3690 | D:4      | Reached skill level 5 in Maces & Flails
  3744 | D:4      | Reached skill level 6 in Maces & Flails
  4014 | D:3      | Reached XP level 7. HP: 68/76 MP: 5/7
  4041 | D:4      | Noticed Duvessa
  4051 | D:4      | Killed Duvessa
  4051 | D:4      | Reached skill level 7 in Maces & Flails
  4059 | D:4      | Killed Dowan
  4425 | D:3      | Reached skill level 8 in Maces & Flails
  4577 | D:4      | Killed Sigmund
  4577 | D:4      | Reached skill level 9 in Maces & Flails
  4656 | D:4      | Reached XP level 8. HP: 44/84 MP: 8/8
  4857 | D:4      | Found a staircase to the Ecumenical Temple.
  4868 | Temple   | Entered the Ecumenical Temple
  4872 | Temple   | Became a worshipper of Dithmenos the Shadowed
  4945 | D:5      | Entered Level 5 of the Dungeon
  4946 | D:5      | Reached skill level 10 in Maces & Flails
  4992 | D:5      | Found a glowing drain.
  5062 | Sewer    | Entered a sewer
  5093 | Sewer    | Noticed Purgy
  5104 | Sewer    | Killed Purgy
  5451 | D:5      | Noticed Shredu92's ghost (novice MfTm)
  5587 | D:6      | Reached skill level 11 in Maces & Flails
  6683 | D:6      | Reached XP level 9. HP: 62/91 MP: 9/9
  6817 | D:6      | Found a glowing golden altar of the Shining One.
  6820 | D:6      | Found an oddly glowing altar of Pakellas.
  6851 | D:6      | Found a glowing silver altar of Zin.
  6854 | D:6      | Found a snail-covered altar of Cheibriados.
  6899 | D:6      | Reached skill level 12 in Maces & Flails
  6987 | D:6      | Reached * piety under Dithmenos
  7298 | D:7      | Reached skill level 5 in Dodging
  7595 | D:7      | Reached skill level 13 in Maces & Flails
  7814 | D:7      | Reached ** piety under Dithmenos
  8522 | D:8      | Reached XP level 10. HP: 41/98 MP: 10/10
  9135 | D:9      | Reached skill level 14 in Maces & Flails
  9570 | D:9      | Reached *** piety under Dithmenos
  9630 | D:9      | Found a white marble altar of Elyvilon.
  9919 | D:10     | Entered Level 10 of the Dungeon
 10344 | D:10     | Reached skill level 15 in Maces & Flails
 10508 | D:11     | Reached **** piety under Dithmenos
 10512 | D:11     | Reached XP level 11. HP: 41/107 MP: 6/11
 10899 | D:11     | Gained mutation: Your mind is acute. (Int +2) [potion of beneficial mutation]
 10900 | D:11     | Gained mutation: Your spells are a little harder to cast, but a little more powerful. [potion of beneficial mutation]
 10945 | D:11     | Noticed a hill giant
 10951 | D:11     | Killed a hill giant
 11204 | D:11     | Reached skill level 16 in Maces & Flails
 11288 | D:12     | Noticed Josephine
 11311 | D:12     | Killed Josephine
 11609 | D:12     | Found a sacrificial altar of Ru.
 12982 | D:10     | Found a staircase to the Lair.
 12997 | Lair:1   | Entered Level 1 of the Lair of Beasts
 13372 | Lair:1   | Noticed an eight-headed hydra
 13385 | Lair:1   | Killed an eight-headed hydra
 13385 | Lair:1   | Reached skill level 10 in Dodging
 14260 | Lair:1   | Reached skill level 17 in Maces & Flails
 14288 | Lair:1   | Reached skill level 5 in Throwing
 14306 | Lair:1   | Reached ***** piety under Dithmenos
 14326 | Lair:1   | HP: 3/107 [yak (9)]
 14335 | Lair:1   | HP: 1/107 [yak (11)]
 14677 | Lair:1   | Noticed an eight-headed hydra
 14686 | Lair:1   | Killed an eight-headed hydra
 14686 | Lair:1   | Reached XP level 12. HP: 35/115 MP: 5/12
 16636 | Lair:3   | Noticed a seven-headed hydra
 16651 | Lair:3   | Killed a seven-headed hydra
 16651 | Lair:3   | Reached skill level 18 in Maces & Flails
 17242 | Lair:3   | Noticed a four-headed hydra
 17247 | Lair:3   | Killed a four-headed hydra
 18292 | Lair:4   | Noticed Urug
 18307 | Lair:4   | Killed Urug
 18424 | Lair:4   | Reached XP level 13. HP: 59/123 MP: 9/13
 18531 | Lair:4   | Reached skill level 19 in Maces & Flails
 18960 | Lair:4   | Got a wavering ivory ring
 18962 | Lair:4   | Identified the ring "Omeg Wien" {rF+ MR+ EV+3} (You found it on level 4 of the Lair of Beasts)
 19516 | Lair:4   | Reached skill level 10 in Throwing
 19938 | Lair:5   | Found a dark tunnel.
 19943 | Volcano  | Entered a volcano
 20241 | Volcano  | Found a bloodstained altar of Trog.
 20746 | Lair:5   | Found a staircase to the Swamp.
 20902 | Lair:5   | Reached skill level 20 in Maces & Flails
 21125 | Lair:5   | Found a hole to the Spider Nest.
 21340 | Lair:6   | Learned a level 2 spell: Blink
 21343 | Lair:6   | Learned a level 2 spell: Repel Missiles
 22162 | Lair:6   | Reached XP level 14. HP: 140/140 MP: 14/14
 23008 | Lair:7   | Reached ****** piety under Dithmenos
 23041 | Lair:7   | Reached skill level 10 in Fighting
 23168 | Lair:7   | Identified a scroll of acquirement
 23169 | Lair:7   | Got a jewelled animal skin
 23180 | Lair:7   | Identified the +1 animal skin "Giyciok" {rN+ MP+9 Stlth+} (You acquired it on level 7 of the Lair of Beasts)
 23435 | Lair:7   | Reached skill level 21 in Maces & Flails
 23723 | Lair:8   | Entered Level 8 of the Lair of Beasts
 23791 | Lair:8   | Reached skill level 1 in Translocations
 23835 | Lair:8   | Upgraded the game from 0.18-a0-1471-gbbaf034 to 0.18-a0-1484-g95ebbe1
 23894 | Lair:8   | Noticed a dire elephant
 23913 | Lair:8   | Killed a dire elephant
 24729 | Lair:8   | Found a staircase to the Slime Pits.
 25248 | Lair:8   | Found a burning altar of Makhleb.
 25583 | Lair:8   | Found a gateway to Hell.
 26112 | D:12     | Reached skill level 5 in Translocations
 26112 | D:12     | Reached XP level 15. HP: 151/161 MP: 15/15
 26407 | D:12     | Found Erchemiti's Jewellery Shoppe.
 26470 | D:12     | Reached skill level 1 in Charms
 26930 | D:12     | Identified the Volume of the Oath
 26936 | D:12     | Learned a level 1 spell: Summon Butterflies
 27056 | D:13     | Found a gate to the Vaults.
 27056 | D:13     | Noticed Rupert
 27674 | D:10     | Reached skill level 1 in Air Magic
 27802 | D:10     | Found a staircase to the Orcish Mines.
 27810 | Orc:1    | Entered Level 1 of the Orcish Mines
 27856 | Orc:1    | Found a roughly hewn altar of Beogh.
 27865 | Orc:1    | Noticed an orc warlord
 27964 | D:10     | Killed an orc warlord
 28310 | Orc:2    | Entered Level 2 of the Orcish Mines
 28310 | Orc:2    | Found a staircase to the Elven Halls.
 28480 | Orc:2    | Found a roughly hewn altar of Beogh.
 28562 | Orc:2    | Reached skill level 1 in Evocations
 28973 | Orc:2    | Noticed Saint Roka
 29122 | Orc:2    | Found a roughly hewn altar of Beogh.
 29208 | Orc:2    | Killed Saint Roka
 29240 | Orc:2    | Found Hahe's Antique Weapon Shoppe.
 29242 | Orc:2    | Found a roughly hewn altar of Beogh.
 29248 | Orc:2    | Found Hudiw's Antique Armour Emporium.
 29274 | Orc:2    | Bought a transparent blowgun for 232 gold pieces
 29274 | Orc:2    | Identified the +6 blowgun of Undoing {evade, MP+9 Str+4 Int-3 Dex+7} (You bought it in a shop on level 2 of the Orcish Mines)
 29338 | Orc:2    | Found a roughly hewn altar of Beogh.
 29398 | Orc:2    | Reached skill level 15 in Fighting
 29565 | Orc:2    | Noticed an orc warlord
 29577 | Orc:2    | Killed an orc warlord
 29577 | Orc:2    | Reached skill level 1 in Summonings
 29657 | Orc:2    | Found a roughly hewn altar of Beogh.
 29658 | Orc:2    | Found Dewkif's Book Shop.
 29678 | Orc:2    | Bought a book of Battle for 600 gold pieces
 29681 | Orc:2    | Learned a level 2 spell: Shroud of Golubria
 29684 | Orc:2    | Learned a level 2 spell: Song of Slaying
 29688 | Orc:2    | Learned a level 3 spell: Spectral Weapon
 29880 | Orc:2    | Found a roughly hewn altar of Beogh.
 29900 | Orc:2    | Found Feteps's Jewellery Shoppe.
 29919 | Orc:2    | Bought an uncursed ring of poison resistance for 220 gold pieces
 29919 | Orc:2    | Bought the cursed ring "Ygraz" {+Blink rElec Str-3} for 192 gold pieces
 30408 | D:13     | Killed Rupert
 30866 | D:13     | Noticed Maurice
 30871 | D:13     | Killed Maurice
 30871 | D:13     | Reached skill level 5 in Evocations
 31182 | D:13     | Learned a level 2 spell: Cure Poison
 31242 | D:13     | Reached XP level 16. HP: 176/176 MP: 19/19
 31341 | D:13     | Found an opulent altar of Gozag.
 31912 | D:15     | Entered Level 15 of the Dungeon
 32177 | D:14     | Reached skill level 5 in Charms
 33677 | D:15     | Found a staircase to the Depths.
 33845 | D:15     | Found a sacrificial altar of Ru.
 34641 | Swamp:1  | Entered Level 1 of the Swamp
 34721 | Swamp:1  | Reached skill level 1 in Spellcasting
 36284 | Swamp:2  | Reached XP level 17. HP: 153/184 MP: 24/24
 36364 | Swamp:2  | Reached skill level 5 in Spellcasting
 37960 | Swamp:4  | Entered Level 4 of the Swamp
 38400 | Swamp:4  | Reached skill level 10 in Evocations
 38405 | Swamp:4  | Noticed Nikola
 38730 | Swamp:4  | Killed Nikola
 39754 | Swamp:4  | Got a decaying rune of Zot
 39755 | Swamp:4  | Upgraded the game from 0.18-a0-1484-g95ebbe1 to 0.18-a0-1496-g27d3123
 40433 | Spider:1 | Entered Level 1 of the Spider Nest
 41298 | Spider:1 | Reached XP level 18. HP: 193/193 MP: 26/26
 44966 | Spider:4 | Entered Level 4 of the Spider Nest
 45003 | Spider:4 | Noticed Arachne
 45595 | Spider:4 | Killed Arachne
 46218 | Spider:4 | Reached skill level 22 in Maces & Flails
 47137 | Spider:4 | Reached XP level 19. HP: 70/201 MP: 2/27
 47165 | Spider:4 | Upgraded the game from 0.18-a0-1496-g27d3123 to 0.18-a0-1507-g69458e0
 48778 | Spider:4 | Got a gossamer rune of Zot
 49326 | D:15     | Learned a level 3 spell: Regeneration
 49368 | Vaults:1 | Entered Level 1 of the Vaults
 49475 | Vaults:1 | Reached skill level 1 in Necromancy
 49523 | Vaults:1 | Noticed Jorgrun
 49542 | Vaults:1 | Killed Jorgrun
 49967 | Vaults:1 | Reached skill level 23 in Maces & Flails
 51247 | Vaults:1 | HP: 6/201 [wolf spider (14)]
 51746 | Vaults:1 | Reached skill level 1 in Armour
 51856 | Vaults:1 | Noticed Asterion
 51874 | Vaults:1 | Killed Asterion
 52086 | Vaults:1 | Found an ancient bone altar of Kikubaaqudgha.
 52637 | Vaults:2 | Reached XP level 20. HP: 204/210 MP: 18/28
 52898 | Vaults:2 | Reached skill level 24 in Maces & Flails
 53090 | Vaults:2 | Noticed Sojobo
 53495 | Vaults:2 | Killed Sojobo
 53579 | Vaults:2 | Reached skill level 5 in Armour
 55100 | Vaults:3 | Found a magical portal.
 55154 | WizLab   | Entered Zonguldrok's Shrine
 55591 | Vaults:3 | Found a staircase to the Crypt.
 56656 | Vaults:3 | Reached XP level 21. HP: 115/228 MP: 29/29
 58227 | Vaults:4 | Found Maeru's Book Shop.
 59086 | Vaults:4 | Reached skill level 10 in Armour
 59268 | Vaults:4 | Reached skill level 1 in Invocations
 59538 | Elf:1    | Entered Level 1 of the Elven Halls
 59671 | Elf:1    | Noticed Louise
 59680 | Elf:1    | Killed Louise
 59683 | Elf:1    | Noticed Azrael
 59689 | Elf:1    | Killed Azrael
 59746 | Elf:1    | Found Zeodus's Assorted Antiques.
 60181 | Elf:1    | Noticed Donald
 60194 | Elf:1    | Killed Donald
 60203 | Elf:1    | Reached skill level 5 in Invocations
 60296 | Elf:1    | Learned a level 1 spell: Apportation
 60300 | Elf:1    | Learned a level 3 spell: Portal Projectile
 60934 | Elf:2    | Found a deep blue altar of Sif Muna.
 60974 | Elf:2    | Reached XP level 22. HP: 235/247 MP: 30/30
 61256 | Elf:2    | Noticed Roxanne
 61266 | Elf:2    | Killed Roxanne
 61268 | Elf:2    | Identified Roxanne's Papyrus of Ashen Transmigration (You took it off Roxanne on level 2 of the Elven Halls)
 61298 | Elf:2    | Found a huge runed gate.
 61298 | Elf:2    | Found a huge runed gate.
 61299 | Elf:2    | Found a huge runed gate.
 61300 | Elf:2    | Found a huge runed gate.
 61306 | Elf:2    | Found a huge runed gate.
 61869 | Elf:2    | Noticed Wiglaf
 61882 | Elf:2    | Killed Wiglaf
 61947 | Elf:2    | Noticed Aizul
 61958 | Elf:2    | Killed Aizul
 62039 | Elf:2    | Upgraded the game from 0.18-a0-1507-g69458e0 to 0.18-a0-1542-g9c1a92e
 62114 | Elf:3    | Entered Level 3 of the Elven Halls
 62180 | Elf:3    | Reached skill level 5 in Summonings
 62974 | Elf:3    | Reached skill level 10 in Invocations
 63153 | Elf:3    | HP: 11/247 [deep elf annihilator/long sword (2)]
 63461 | Elf:3    | Got a coiled jade ring
 63472 | Elf:3    | Identified the ring "Innonag" {rN+ Stlth+} (You took it off a deep elf blademaster on level 3 of the Elven Halls)
 63682 | Elf:3    | Identified the Handbook of Weightlessness
 64126 | Orc:2    | Bought the +5 demon whip "Spellbinder" {antimagic, MR+} for 2560 gold pieces
 64292 | Lair:1   | Learned a level 5 spell: Aura of Abjuration
 64298 | Lair:1   | Learned a level 5 spell: Summon Mana Viper
 64432 | Depths:1 | Entered Level 1 of the Depths
 64541 | Depths:1 | Reached skill level 1 in Hexes
 64590 | Depths:1 | Found a portal to a secret trove of treasure.
 65423 | Depths:1 | Reached XP level 23. HP: 228/254 MP: 31/31
 65539 | Depths:1 | Found a one-way gate leading to the halls of Pandemonium.
 66979 | Depths:2 | Noticed a caustic shrike
 66992 | Depths:2 | Killed a caustic shrike
 66992 | Depths:2 | Reached skill level 5 in Hexes
 66993 | Depths:2 | Noticed a golden dragon
 67000 | Depths:2 | Noticed a caustic shrike
 67013 | Depths:2 | Slain by a caustic shrike

Vault maps used:
D:1:      dpeg_arrival_tiny_h
D:2:      grunt_gozag_statues, lemuel_crystal_altar, serial_glass,
          glass_columns_a, glass_columns_b, lemuel_statue_altar
D:4:      temple_green, minmay_misc_feat_five, uniq_sigmund, uniq_blork_the_orc,
          uniq_duvessa
D:5:      yredelemnul_altar_generic, marbit_many_paths, first_bread,
          gup_sewer_entry_glass
D:6:      grunt_temple_overflow_cloverleaf, kennysheep_generic_room_15
D:7:      grunt_ogre_cave, kennysheep_generic_room_14
D:9:      elyvilon_altar_1
D:10:     erik_lair_island, orc_0_dummy, kennysheep_generic_room_11
D:11:     special_room
D:12:     basic_altar, serial_shops, kennysheep_mini, laboratory, uniq_josephine
D:13:     david_vaults_3, basic_altar, lemuel_flame_loot_1, uniq_maurice
D:15:     grunt_enter_depths_magical_seal, nicolae_ru_sacrificial_ziggurat,
          minivault_25, minmay_beelzebubs_servants
Temple:   minmay_freezing_vapour_temple_12
Lair:4:   grunt_megastairs_5, uniq_urug
Lair:5:   swamp_mist_pool, spider_nest_entry_a, nicolae_volcano_entry_s_turn
Lair:6:   st_stairs_9, lemuel_fruit_tree, grunt_megastairs_2
Lair:7:   nicolae_quartered_pool_super, beast_lair_carwin_11,
          serial_bayou_shore_a
Lair:8:   evil_forest, minmay_slime_entry_oklob_open, grunt_megastairs_4,
          lemuel_fruit_fields
Swamp:1:  evilmike_swamp_ruin_rubble_2
Swamp:2:  evilmike_swamp_ruin_house_4
Swamp:3:  evilmike_swamp_ruin_house_2, st_shrine_of_shade
Swamp:4:  swamp, swamp_pool5, uniq_nikola
Spider:3: nicolae_spider_hall_of_the_moth_king, nicolae_spider_webbed_stairs
Spider:4: grunt_spider_rune_circles, hangedman_stitches_earthworm, uniq_arachne
Orc:1:    serial_shops, nicolae_shop_scaring_up_business, basic_altar
Orc:2:    grunt_orc_community_town_hall, grunt_orc_community_big_house_1,
          grunt_orc_community_big_house_1, grunt_orc_community_house_3,
          grunt_orc_community_house_2, grunt_orc_community_house_1,
          grunt_orc_community_house_1, grunt_orc_community_house_2
Elf:1:    elf_arrival_001, serial_shops, shop, minmay_elf_crystal_heptagon,
          serial_sigils_hangedman_writhe, minivault_4, uniq_donald, uniq_azrael,
          uniq_louise
Elf:2:    basic_altar, basic_stair_grate_trap, uniq_roxanne, uniq_wiglaf,
          uniq_aizul
Elf:3:    grunt_elf_hall_asides
Vaults:1: ontoclasm_vaults_decontamination, grunt_vaults_trifunnel,
          nicolae_vaults_ring_of_whatevers, v_pattern_2,
          vaults_room_stairs_pillars, vaults_mumra_minichess_inversion,
          vaults_room_corners, ontoclasm_vaults_spin, vaults_mumra_chevron_long,
          nicolae_vaults_diagonal_hallway_6, ontoclasm_vaults_pinch,
          nicolae_vaults_little_squares_1, ontoclasm_vaults_ligature,
          basic_altar, uniq_asterion, uniq_jorgrun
Vaults:2: grunt_vaults_diagonal, v_misc_16, ontoclasm_vaults_chip,
          ontoclasm_vaults_gateway, vaults_dpeg_encased_lava, v_rooms_5,
          grunt_vaults_focal, v_rooms_3, nicolae_vaults_little_ls,
          ontoclasm_vaults_ring_square, nicolae_vaults_little_squares_4,
          vaults_standard_mumra_x, hangedman_vaults_restitches,
          vaults_dpeg_spiral, nicolae_vaults_diagonal_hallway_8, uniq_sojobo
Vaults:3: minmay_crypt_entry_simple_sparse, vaults_room_pool, vaults_room_boxed,
          vaults_room_octagon, st_lattice, hangedman_vaults_snaps,
          nicolae_vaults_border_crossing, ontoclasm_vaults_chip,
          ontoclasm_vaults_tryst, v_misc_24, nicolae_vaults_little_squares_3,
          nicolae_vaults_theta, v_misc_15, lightli_enter_wizlab_magi_temple
Vaults:4: v_misc_28, v_misc_17, v_misc_26, v_alt_pattern_2,
          vaults_room_stairs_pillars, grunt_vaults_hallway_long,
          vaults_room_semicircle, hangedman_vaults_corner_blocks,
          nicolae_vaults_circle_grid_a, serial_shops,
          nicolae_shop_temple_entry_statues_fountains
Depths:1: nicolae_trove_entry_crossroad, roderic_bali_sauvastika, pan_entry,
          grunt_hell_entry_demonic_statue, hangedman_corner_corridor,
          uniq_saint_roka
Depths:2: angbandy_vault, pf_dread_powers_of_hell, minmay_strange_pillars,
          serial_shops, nicolae_shop_waterfront, infiniplex_staircase_pillars_3b
Sewer:    sewer_co_purgy_island
Volcano:  volcano_lake
WizLab:   wizlab_zonguldrok

Skill      XL: |  1  2  3  4  5  6  7  8  9 10 11 12 13 14 15 16 17 18 19 20 21 22 23 |
---------------+----------------------------------------------------------------------+-----
Fighting       | 3 4 5 6 9 13 15 17 20 | 20.0
Maces & Flails | 4 6 9 11 13 15 17 18 20 21 22 23 24 | 24.0
Dodging        | 3 6 8 10 12 13 14 | 14.3
Throwing       | 5 9 10 | 10.8
Translocations | 5 |  5.0
Charms         | 4 6 8 |  8.6
Air Magic      | 2 |  2.1
Evocations     | 5 8 10 | 10.0
Summonings     | 1 2 7 8 |  8.6
Spellcasting   | 4 5 |  5.6
Necromancy     | 4 |  4.1
Armour         | 3 8 10 | 10.0
Invocations    | 6 10 | 10.9
Hexes          | 2 5 |  5.1
Stealth        | |  0.7

Action                   |  1- 3 |  4- 6 |  7- 9 | 10-12 | 13-15 | 16-18 | 19-21 | 22-24 || total
-------------------------+-------+-------+-------+-------+-------+-------+-------+-------++-------
Melee: Short sword       |   168 |    35 |       |       |       |       |       |       ||   203
       Mace              |       |   184 |       |       |       |       |       |       ||   184
       Flail             |       |    12 |   262 |       |       |       |       |       ||   274
       Dire flail        |       |       |   120 |   711 |       |       |       |       ||   831
       Giant spiked club |       |       |       |   114 |  1248 |  1307 |  1356 |   534 ||  4559
       Demon whip        |       |       |       |       |       |       |       |     5 ||     5
 Fire: Blowgun           |       |       |       |       |    27 |   326 |    34 |       ||   387
Throw: Large rock        |     4 |     9 |    16 |    45 |    57 |    43 |   190 |    98 ||   462
       Stone             |    20 |    16 |       |       |     2 |       |       |       ||    38
       Throwing net      |       |     1 |     1 |       |     1 |       |       |     3 ||     6
       Javelin           |       |     7 |    22 |    31 |   134 |    11 |    26 |       ||   231
       Tomahawk          |       |       |       |       |    35 |   123 |       |       ||   158
 Cast: Repel Missiles    |       |       |       |       |     2 |     4 |    11 |     5 ||    22
       Blink             |       |       |       |       |     1 |     8 |     2 |       ||    11
       Spectral Weapon   |       |       |       |       |       |    20 |    20 |    11 ||    51
       Shroud of Golubri |       |       |       |       |       |    17 |    18 |     1 ||    36
       Regeneration      |       |       |       |       |       |       |    30 |    21 ||    51
       Song of Slaying   |       |       |       |       |       |       |    11 |       ||    11
       Portal Projectile |       |       |       |       |       |       |       |     1 ||     1
 Abil: Evoke Berserk Rag |       |       |       |       |       |     3 |     2 |       ||     5
Evoke: Wand              |       |       |       |    10 |     7 |     4 |     1 |     2 ||    24
       Phial of floods   |       |       |       |       |     2 |       |     1 |       ||     3
       Sack of spiders   |       |       |       |       |     3 |     8 |     2 |       ||    13
       Fan of gales      |       |       |       |       |       |     2 |     1 |     1 ||     4
       Phantom mirror    |       |       |       |       |       |     1 |       |       ||     1
  Use: Scroll            |     6 |     5 |     9 |    12 |    18 |    19 |    14 |    15 ||    98
       Potion            |       |       |     5 |    16 |     7 |    12 |     3 |     3 ||    46
 Stab: Held in net/web   |       |     1 |       |       |     2 |     1 |       |       ||     4
       Sleeping          |       |     1 |       |     2 |     4 |     5 |       |       ||    12
       Invisible         |       |       |       |     3 |     4 |       |       |       ||     7
       Distracted        |       |       |       |     1 |     1 |     3 |     4 |       ||     9
       Confused          |       |       |       |       |       |     1 |       |       ||     1
  Eat: Chunk             |     2 |     8 |    14 |    26 |    25 |    24 |    31 |     5 ||   135
       Pizza             |       |       |     1 |     2 |     2 |     1 |       |       ||     6
       Royal jelly       |       |       |       |     1 |     1 |       |       |       ||     2
       Bread ration      |       |       |       |       |     2 |     7 |     3 |     2 ||    14
       Meat ration       |       |       |       |       |     1 |       |     2 |     1 ||     4
       Beef jerky        |       |       |       |       |       |     1 |       |       ||     1
